 Dungeon Crawl Stone Soup version 0.23.2-1-ga50397a6bc (webtiles) character file.

Game seed: 12108745674714692101

92 MisterOstroum the Skirmisher (level 4, 0/35 HPs)
             Began as a Demonspawn Skald on Apr 26, 2019.
             Killed from afar by Sigmund (5 damage)
             ... with a magic dart
             ... on level 3 of the Dungeon.
             The game lasted 00:05:58 (2554 turns).

MisterOstroum the Skirmisher (Demonspawn Skald)     Turns: 2554, Time: 00:05:59

Health: 0/35       AC:  5    Str: 11    XL:     4   Next: 35%
Magic:  7/7        EV: 18    Int: 15    God:
Gold:   98         SH:  0    Dex: 13    Spells: 4/7 levels left

rFire    . . .     SeeInvis .   a - +0 falchion
rCold    + . .     Gourm    .   (no shield)
rNeg     . . .     Faith    .   b - +0 leather armour
rPois    .         Spirit   .   (no helmet)
rElec    .         Reflect  .   (no cloak)
rCorr    .         Harm     .   (no gloves)
MR       .....                  (no boots)
Stlth    +.........             (no amulet)
HPRegen  0.11/turn              i - +6 ring of evasion
MPRegen  0.10/turn              j - ring of flight

@: no status effects
A: slimy green scales 1, cold resistance 1
a: Evoke Flight


You were on level 3 of the Dungeon.
You were hungry.

You visited 1 branch of the dungeon, and saw 3 of its levels.

You collected 98 gold pieces.

Inventory:

Hand Weapons
 a - a +0 falchion (weapon)
Missiles
 d - 51 stones (quivered)
Armour
 b - a +0 leather armour (worn)
Jewellery
 i - a +6 ring of evasion (left hand)
 j - a ring of flight (right hand)
 l - a cursed -3 ring of dexterity {unknown}
Scrolls
 c - a scroll of remove curse {@r2}
 g - a scroll of noise {unknown}
 k - a scroll of amnesia {unknown}
 m - 2 scrolls of identify {unknown}
 n - a scroll of random uselessness {unknown}
Potions
 h - a potion of agility {unknown}
 o - 2 potions of lignification {unknown}
 p - 2 potions of resistance {unknown}
 q - a potion of flight {unknown}
Comestibles
 e - 6 rations
 f - 8 chunks of flesh


   Skills:
 * Level 3.3 Fighting
 * Level 3.1 Long Blades
 - Level 0.8 Armour
 - Level 1.7 Dodging
 + Level 2.2 Spellcasting
 + Level 2.8 Charms


You had 4 spell levels left.
You knew the following spells:

 Your Spells              Type           Power        Failure   Level  Hunger
a - Infusion              Chrm           ##..         9%          1    #......
b - Song of Slaying       Chrm           ##......     13%         2    ###....

Your spell library contained the following spells:

 Spells                   Type           Power        Failure   Level  Hunger
 Shroud of Golubria       Chrm/Tloc      #.........   24%         2    ###....
 Regeneration             Chrm/Necr      #.........   43%         3    ###....
 Spectral Weapon          Hex/Chrm       #.......     43%         3    ###....


Dungeon Overview and Level Annotations

Branches:
Dungeon (3/15)

Altars:

Annotations:
D:3 Sigmund


Innate Abilities, Weirdness & Mutations

You are partially covered in slimy green scales. (AC +2)
Your flesh is cold resistant. (rC+)


Message History

You hit the dart slug.
The dart slug is lightly wounded.
The dart slug launches a dart at you. The slug dart misses you.
You hit the dart slug.
The dart slug is heavily wounded.
The dart slug closely misses you.
You hit the dart slug.
You kill the dart slug!
No target in view!
No target in view!
No target in view!
No target in view!
No target in view!
No target in view!
No target in view!
No target in view!
No target in view!
No target in view!
No target in view!
No target in view!
No target in view!
No target in view!
No target in view!
No target in view!
No target in view!
No target in view!
No target in view!
You butcher the dart slug corpse.
f - 8 chunks of flesh (gained 2) Sigmund the Dreaded comes into view.
He is wielding a +0 scythe and wearing a +1 robe of cold resistance.
Sigmund shouts!
e - 6 rations (gained 1) Sigmund is too close now for your liking.
Casting: Infusion (safe; 9% risk of failure)
Confirm with . or Enter, or press ? or * to list all spells.
You begin infusing your attacks with magical energy.
Sigmund closely misses you. Sigmund gestures at you while chanting.
The puff of flame hits you!
You closely miss Sigmund. Sigmund completely misses you.
You barely miss Sigmund. Sigmund hits you with a +0 scythe.
You hit Sigmund.
Sigmund is lightly wounded.
You barely miss Sigmund.
Sigmund is lightly wounded.
Sigmund completely misses you.
You hit Sigmund.
Sigmund is lightly wounded.
You are feeling hungry.
Sigmund casts a spell at you. You resist with some effort.
You closely miss Sigmund.
Sigmund is lightly wounded.
Sigmund closely misses you.
You barely miss Sigmund.
Sigmund is lightly wounded.
Sigmund misses you.
You riposte.
You closely miss Sigmund.
Sigmund is lightly wounded.
You closely miss Sigmund.
Sigmund is lightly wounded.
Sigmund hits you with a +0 scythe!
You hit Sigmund.
Sigmund is lightly wounded.
You closely miss Sigmund.
Sigmund is lightly wounded.
Your magical infusion is running out.
Sigmund hits you with a +0 scythe!
* * * LOW HITPOINT WARNING * * *
You hit Sigmund.
Sigmund is moderately wounded.
Sigmund closely misses you.
You closely miss Sigmund.
Sigmund is moderately wounded.
Sigmund gestures at you while chanting.
You are confused.
You bump into the rock wall.
Sigmund barely misses you.
You bump into the rock wall.
Sigmund closely misses you.
You are no longer magically infusing your attacks.
Sigmund misses you.
You feel less confused.
Things that are here:
a frilled lizard skeleton; a bat skeleton; a jackal skeleton Sigmund says, "Your kind have come here before.
I understand now why.
You desire death..."
Sigmund gestures at you while chanting. The magic dart hits you.
* * * LOW HITPOINT WARNING * * *
There is an open door here.
There is an open door here.
Sigmund looks at you with fury.
Sigmund points at you and mumbles some strange words.
The magic dart hits you.
* * * LOW HITPOINT WARNING * * *
Sigmund casts a spell.
Sigmund flickers and vanishes!
Deactivating autopickup; reactivate with Ctrl-A.
A magic dart appears from out of thin air!
The magic dart hits you.
You die...

#.... # ######.... .#
#....@.... ##.#####.#
#@####....
#.....<#.#####
#.########
#..###........ #....##
#........##### ##....#
#.####.##########....#
#.......@.....{......#
######.#.#.######....#
#.#.#.# #....# #.#.#.#
#....# #.#...# ######
#.##### #.. ###


There were no monsters in sight!

Vanquished Creatures
  2 adders (D:2)
  A shadow imp (D:1)
  A worm (D:1)
  2 dart slugs
  A leopard gecko (D:1)
  A ball python (D:2)
  6 bats
  2 giant cockroaches
  3 goblins
  4 hobgoblins
  11 jackals
  5 kobolds
  A quokka (D:2)
  12 frilled lizards
  6 rats
58 creatures vanquished.

Notes
Turn   | Place    | Note
-------+----------+-------------------------------------------
     0 | D:1      | MisterOstroum the Demonspawn Skald began the quest for the
                  | Orb.
     0 | D:1      | Reached XP level 1. HP: 16/16 MP: 3/3
   359 | D:1      | Gained mutation: You are partially covered in slimy green
                  | scales. (AC +2) [demonic ancestry]
   359 | D:1      | Reached XP level 2. HP: 21/23 MP: 5/5
  1040 | D:1      | Reached XP level 3. HP: 27/28 MP: 2/6
  1904 | D:2      | Learned a level 2 spell: Song of Slaying
  2051 | D:2      | Found a faded altar of an unknown god.
  2131 | D:2      | Gained mutation: Your flesh is cold resistant. (rC+)
                  | [demonic ancestry]
  2131 | D:2      | Reached XP level 4. HP: 31/35 MP: 7/7
  2469 | D:3      | Noticed Sigmund
  2554 | D:3      | Killed from afar by Sigmund

Skill      XL: |  1  2  3 |
---------------+----------+-----
Long Blades    | 2 3 |  3.1
Fighting       | 3 |  3.3
Armour         | |  0.8
Dodging        | |  1.7
Spellcasting   | |  2.2
Charms         | |  2.8

Action                   |  1- 3 |  4- 6 || total
-------------------------+-------+-------++-------
Melee: Falchion          |   170 |    41 ||   211
Throw: Stone             |     4 |       ||     4
 Cast: Infusion          |     3 |     1 ||     4
  Use: Scroll            |     1 |       ||     1
 Stab: Sleeping          |       |     1 ||     1
  Eat: Chunk             |     4 |     1 ||     5
Armor: Leather armour    |    59 |     9 ||    68
Dodge: Dodged            |   128 |    41 ||   169
       Rpst.: Falchion   |    41 |    10 ||    51
